 Dungeon Crawl Stone Soup version 0.19-a0-1820-gbf060b2 (webtiles) character file.

79 Psiweapon the Chopper (level 4, -1/40 HPs)
             Began as a Hill Orc Fighter on Oct 6, 2016.
             Slain by a killer bee (5 damage)
             ... on level 4 of the Dungeon.
             The game lasted 00:04:05 (967 turns).

Psiweapon the Chopper (Hill Orc Fighter)             Turns: 967, Time: 00:04:06

Health: -1/40      AC:  6    Str: 19    XL:     4   Next: 38%
Magic:  4/4        EV:  7    Int:  8    God:
Gold:   45         SH:  9    Dex: 10    Spells: 0 memorised, 3 levels left

rFire  . . .     SeeInvis .     a - +0 war axe
rCold  . . .     Gourm    .     b - +0 scale mail
rNeg   . . .     Faith    .     c - +0 shield
rPois  .         Spirit   .     (no helmet)
rElec  .         Dismiss  .     (no cloak)
rCorr  .         Reflect  .     (no gloves)
MR     .....     Harm     .     (no boots)
Stlth  ..........               (no amulet)
                                (no ring)
                                (no ring)

@: lethally poisoned (-1 -> -13)
A: no striking features
a: no special abilities


You were on level 4 of the Dungeon.
You were not hungry.

You visited 1 branch of the dungeon, and saw 4 of its levels.

You collected 45 gold pieces.

Inventory:

Hand Weapons
 a - a +0 war axe (weapon)
Missiles
 i - 21 sling bullets
 j - 14 bolts
 r - 7 tomahawks (quivered)
Armour
 b - a +0 scale mail (worn)
 c - a +0 shield (worn)
Jewellery
 e - an uncursed ring of protection from cold {unknown}
 k - an uncursed ring of flight {unknown}
Wands
 t - a wand of polymorph (10/24)
Scrolls
 h - a scroll of teleportation {unknown}
 l - a scroll of identify {unknown}
 n - a scroll of enchant armour {unknown}
 o - a scroll of recharging {unknown}
 q - a scroll of fog {unknown}
 s - 2 scrolls of blinking {unknown}
Potions
 d - a potion of might
 m - a potion of agility {unknown}
Comestibles
 f - a bread ration
 p - a meat ration


   Skills:
 - Level 4.0 Fighting
 + Level 4.9 Axes
 - Level 3.5 Armour
 - Level 3.7 Shields


You had 3 spell levels left.
You didn't know any spells.

Dungeon Overview and Level Annotations

Branches:
Dungeon (4/15)
 Temple: D:4-7

Altars:
Nemelex Xobeh
Sif Muna


Message History

You hit the killer bee but do no damage.
You feel sick. The killer bee stings you. You block the killer bee's attack. x2
You miss the killer bee. The killer bee stings you.
You block the killer bee's attack. The killer bee stings you.
You are more poisoned.
The killer bee poisons you!
You miss the killer bee.
You feel sick. You block the killer bee's attack.
The killer bee closely misses you.
You closely miss the killer bee.
You feel sick. The killer bee stings you.
You are more poisoned.
The killer bee poisons you! The killer bee stings you!
* * * LOW HITPOINT WARNING * * *
The killer bee stings you.
* * * LOW HITPOINT WARNING * * *
You hit the killer bee but do no damage.
* * * LOW HITPOINT WARNING * * *
You feel sick. You block the killer bee's attack.
The killer bee stings you but does no damage.
The killer bee stings you.
You die...

..... .....# ......#
....... .......##
#### ........##
#...# #.....<.##
##...#
####.....#####.....#
####@....#......#
#y...........#
#..#########.# #..#
#..# #..## #..# #.##
..


You could see a killer bee.

Vanquished Creatures
  3 gnolls (D:2)
  An adder (D:2)
  2 oozes
  A worm (D:2)
  A dart slug (D:1)
  An orc (D:3)
  2 giant cockroaches
  3 goblins
  3 hobgoblins
  5 jackals
  3 bats
  2 kobolds (D:2)
  A rat (D:3)
28 creatures vanquished.

Notes
Turn   | Place    | Note
-------+----------+-------------------------------------------
     0 | D:1      | Psiweapon the Hill Orc Fighter began the quest for the Orb.
     0 | D:1      | Reached XP level 1. HP: 19/19 MP: 1/1
   153 | D:2      | Found a sparkling altar of Nemelex Xobeh.
   170 | D:2      | Reached XP level 2. HP: 26/27 MP: 2/2
   430 | D:2      | Found a deep blue altar of Sif Muna.
   631 | D:2      | Reached XP level 3. HP: 30/33 MP: 3/3
   726 | D:2      | Reached XP level 4. HP: 24/40 MP: 4/4
   856 | D:3      | Found a faded altar of an unknown god.
   967 | D:4      | Slain by a killer bee

Vault maps used:
D:1:      matt_arrival_grand_opening, wad_floor_pattern_1
D:2:      lemuel_round_altar, old_standard_altar, first_bread
D:3:      zin_statuary, nicolae_overflow_crystal_walls, tgw_fedhas,
          ecumenical_altar_2, portal_sewer_entry_b
D:4:      lemuel_zombie_altar_kikubaaqudgha, evilmike_ruin_ashenzari

Skill      XL: |  1  2  3 |
---------------+----------+-----
Fighting       | 4 |  4.0
Axes           | 3 4 |  4.9
Armour         | |  3.5
Shields        | |  3.7

Action                   |  1- 3 |  4- 6 || total
-------------------------+-------+-------++-------
Melee: War axe           |    43 |    39 ||    82
Evoke: Wand              |       |     1 ||     1
Armor: Scale mail        |    16 |    14 ||    30
Dodge: Dodged            |    16 |    14 ||    30
Block: Shield            |    30 |    25 ||    55
